 Dungeon Crawl Stone Soup version 0.28.0-53-g5a82cb258f (webtiles) character file.

Game seed: 7787893088320707048

21 kommiami the Shield-Bearer (level 2, 0/28 HPs)
             Began as a Deep Dwarf Fighter on May 27, 2022.
             Slain by a hobgoblin (2 damage)
             ... on level 2 of the Dungeon.
             The game lasted 00:15:18 (714 turns).

kommiami the Shield-Bearer (Deep Dwarf Fighter)      Turns: 714, Time: 00:15:18

Health: 0/28       AC:  6    Str: 19    XL:     2   Next: 65%
Magic:  2/2        EV:  9    Int:  8    God:
Gold:   52         SH:  4    Dex: 12    Spells: 1/1 levels left

rFire   . . .      SeeInvis .   a - +0 war axe
rCold   . . .      Faith    .   c - +0 buckler
rNeg    . . .      Spirit   .   b - +0 scale mail
rPois   .          Reflect  .   (no helmet)
rElec   .          Harm     .   (no cloak)
rCorr   .          Rampage  .   (no gloves)
Will    .....                   (no boots)
Stlth   ..........              (no amulet)
HPRegen 0.00/turn               (no ring)
MPRegen 0.08/turn               (no ring)

@: no status effects
A: damage resistance, heal wounds, sense surroundings 1, no regeneration
a: Heal Wounds


You were on level 2 of the Dungeon.
You visited 1 branch of the dungeon, and saw 3 of its levels.

You collected 52 gold pieces.

Inventory:

Hand Weapons
 a - a +0 war axe (weapon)
 g - a +0 short sword
 p - a +0 dagger
 q - a +0 dagger
 r - a +0 club
 t - a +0 short sword
Missiles
 s - 5 datura-tipped darts (quivered)
 u - a stone
Armour
 b - a +0 scale mail (worn)
 c - a +0 buckler (worn)
 k - a +0 robe
 o - a +0 leather armour
Scrolls
 e - 3 scrolls of teleportation
 h - a scroll of enchant weapon {unknown}
 i - a scroll of blinking {unknown}
 j - 2 scrolls of vulnerability {unknown}
 l - a scroll of fear {unknown}
 m - 3 scrolls of identify {unknown}
 n - a scroll of summoning {unknown}
 v - a scroll of immolation {unknown}
Potions
 d - a potion of might


   Skills:
 + Level 3.0 Fighting
 + Level 2.4 Axes
 + Level 3.5 Armour
 + Level 3.6 Shields


You had one spell level left.
You didn't know any spells.
Your spell library was empty.

Dungeon Overview and Level Annotations

Branches:
Dungeon (3/15)

Altars:

Annotations:
D:2 Sigmund
D:3 Robin


Innate Abilities, Weirdness & Mutations

You are resistant to damage.
You can heal yourself by infusing magical energy.
You passively map a small area around you.
You do not regenerate.


Message History

There is a stone staircase leading down here.
You climb downwards.
Level annotation: Sigmund
Found 13 gold pieces.
Found a stone staircase leading down.
There is a stone staircase leading up here.
You now have 47 gold pieces (gained 13).
It was a potion of haste.
You feel yourself speed up.
It was a potion of brilliance.
You feel clever all of a sudden.
As you read the scroll labelled VUWODI TOLI, it crumbles to dust.
You feel strangely unstable.
It was a scroll of teleportation.
Unknown command.
Okay, then.
Your surroundings suddenly seem different.
Found a scroll labelled HECLAF JEWIPRI and a scroll labelled WODE TYRUX.
l - a scroll labelled HECLAF JEWIPRI
There are no items here.
v - a scroll labelled WODE TYRUX
Found 5 gold pieces.
You now have 52 gold pieces (gained 5).
Your extra speed is starting to run out.
You feel a little less clever now.
You feel yourself slow down.
There is a stone staircase leading down here.
You climb downwards.
Robin shouts!
The hobgoblin shouts!
The goblin shouts! x7; You hear a shout!
Found a dagger.
Found a stone staircase leading down.
There is a stone staircase leading up here.
The hobgoblin closely misses you. Robin throws the goblin at you!
The goblin barely misses you.
You climb upwards.
Level annotation: Sigmund
There is a stone staircase leading down here.
You hit the hobgoblin but do no damage. The hobgoblin misses you.
As you read the scroll labelled ECORU ICKENK, it crumbles to dust.
You hear a loud clanging noise!
It was a scroll of noise.
You hear a bark! x2; You hear a shout! x2
The hobgoblin hits you.
You die...

* * #.###.#..##.##
* * ............#
**,,
*............# * *
*####.##.##..# , *
#...........# ,
#.....#.##.## * *
## , #.......##.#
#. ##...g.####.#
#. #...<@..# #.#
#. #.......# #.#
####.####
#.......# #.###
#.......#
#.......###.#.##
#.##.##.#
#.......#......##
, #.##.#
#.......#.###.#.##
#.##.# #.......#.*
#.##.# #, #.##.#
#########.###.#.##
#.##.##.#
#####......##


You could see a hobgoblin.

Vanquished Creatures
  An adder (D:1)
  2 ball pythons (D:1)
  2 endoplasms (D:1)
  2 goblins (D:1)
  A quokka (D:1)
  A frilled lizard (D:1)
  A kobold (D:1)
  3 rats (D:1)
13 creatures vanquished.

Vanquished Creatures (others)
  2 fungi (D:1)
  A plant (D:1)
3 creatures vanquished.

Grand Total: 16 creatures vanquished

Notes
Turn   | Place    | Note
-------+----------+-------------------------------------------
     0 | D:1      | kommiami the Deep Dwarf Fighter began the quest for the
                  | Orb.
     0 | D:1      | Reached XP level 1. HP: 20/20 MP: 1/1
    97 | D:1      | Found a faded altar of an unknown god.
   258 | D:1      | Reached XP level 2. HP: 23/28 MP: 2/2
   512 | D:2      | Noticed Sigmund
   710 | D:3      | Noticed Robin
   714 | D:2      | Slain by a hobgoblin

Illustrated notes

Levels and vault maps discovered:
D:1:      minmay_arrival_four_loops, layout_basic,
          dreamdust_ecumenical_altar_hidden_monk_grotto
D:2:      layout_loops_cross, chequers_arboretum, uniq_terence, uniq_sigmund
D:3:      layout_rooms, minivault_5, uniq_robin, uniq_grinder

Skill      XL: |  1 |
---------------+----+-----
Fighting       | 3 |  3.0
Axes           | |  2.4
Armour         | |  3.5
Shields        | |  3.6

Action                   || total
-------------------------++-------
Melee: War axe           ||    50
  Use: Scroll            ||     2
       Potion            ||     2
Armor: Scale mail        ||    15
Dodge: Dodged            ||    24
Block: Buckler           ||    15
